Flames vs Canucks
Created - 23 décembre 2013 at 19:28
Goals
|
| Flames |
0 |
0 |
2 |
2 |
| Canucks |
2 |
2 |
0 |
4 |
|
Shots
|
| Flames |
8 |
11 |
13 |
32 |
| Canucks |
8 |
19 |
6 |
33 |
|
1st period
1. Canucks , Clarke MacArthur 9 (Jaromir Jagr, Matt Stajan) at 5:12
2. Canucks , Clarke MacArthur 10 (Scott Niedermayer) at 9:16
Penalties :
Jiri Hudler (Van) for Tripping (Minor) at 1:45, Michal Handzus (Cal) for Holding Stick (Minor) at 11:01
2nd period
3. Canucks , Jaromir Jagr 14 (Brent Sopel) at 8:35
4. Canucks , Jaromir Jagr 15 (Matt Stajan, Mark Streit) at 16:01
Penalties :
Niklas Kronwall (Cal) for Hooking (Minor) at 9:58, Zigmund Palffy (Van) for Interference (Minor) at 17:49
3rd period
5. Flames , Mark Bell 10 (Josef Vasicek) at 2:01
6. Flames , Petr Schastlivy 7 (Derek Meech, Michal Handzus) at 4:11
Penalties :
Zigmund Palffy (Van) for Roughing (Minor) at 8:31, Branko Radivojevic (Cal) for Roughing (Minor) at 8:31, Mike Leclerc (Cal) for Hooking (Minor) at 14:19, Fabian Brunnstrom (Van) for Interference (Minor) at 16:24, Fabian Brunnstrom (Van) for Hooking (Minor) at 18:41, Michal Handzus (Cal) for Tripping (Minor) at 18:41
Goalie Stats
Pekka Rinne (Cal), 29 saves from 33 shots - (0,879), L, 10-7-1, 60:00 minutes
José Theodore (Van), 30 saves from 32 shots - (0,938), W, 2-0-0, 60:00 minutes
Players Stats for Flames
Player Name G A P +/- PIM S H SB GA TA FO MP PP MP PK MP
------------------------------------------------------------------------------------
Alexander Semin 0 0 0 -2 0 3 0 2 1 1 0/0 23:57 3:06 1:50
Branko Radivojevic 0 0 0 0 2 2 3 1 1 0 1/1 8:28 0:00 0:00
David Backes 0 0 0 1 0 6 2 0 1 0 1/1 15:38 3:13 0:00
Derek Meech 0 1 1 1 0 1 2 0 0 1 0/0 23:15 3:50 2:52
Eric Staal 0 0 0 -2 0 2 5 0 0 0 14/29 22:08 3:13 2:12
Erik Johnson 0 0 0 0 0 0 0 0 0 0 0/0 6:21 1:08 0:43
Jordin Tootoo 0 0 0 -1 0 0 1 0 0 0 1/2 11:13 0:00 2:15
Josef Vasicek 0 1 1 -1 0 0 0 0 0 0 3/8 11:47 2:44 0:15
Marcel Goc 0 0 0 0 0 1 1 0 1 0 1/2 7:09 0:07 0:00
Mark Bell 1 0 1 -1 0 3 1 0 0 0 0/0 13:13 2:44 0:26
Michal Handzus 0 1 1 1 4 6 0 0 1 0 9/19 15:15 0:00 2:03
Mike Leclerc 0 0 0 0 2 0 0 1 0 1 1/1 9:14 0:00 2:07
Milan Hejduk 0 0 0 -2 0 3 1 0 0 0 1/1 19:43 2:44 0:00
Niklas Kronwall 0 0 0 1 2 1 0 0 0 0 0/0 21:06 2:28 1:13
Petr Schastlivy 1 0 1 1 0 2 1 0 0 1 0/0 13:50 0:00 0:46
Ron Hainsey 0 0 0 -1 0 2 0 3 0 0 0/0 16:44 0:20 3:05
Steve Eminger 0 0 0 -3 0 0 1 2 1 1 0/0 27:29 0:00 3:40
Tomas Kaberle 0 0 0 -2 0 0 0 1 0 0 0/0 24:11 4:08 0:21
Players Stats for Canucks
Player Name G A P +/- PIM S H SB GA TA FO MP PP MP PK MP
------------------------------------------------------------------------------------
Brent Sopel 0 1 1 4 0 1 0 0 0 0 0/0 25:41 2:33 2:23
Clarke MacArthur 2 0 2 4 0 9 2 0 0 0 1/1 22:03 2:29 2:35
Daniel Paille 0 0 0 -1 0 0 0 0 0 0 0/0 8:42 0:00 0:07
David Jones 0 0 0 0 0 1 1 0 0 0 0/0 9:23 0:00 1:17
Derian Hatcher 0 0 0 0 0 2 1 0 0 0 0/0 17:23 2:33 2:23
Erik Christensen 0 0 0 -1 0 1 0 0 0 0 2/6 9:16 0:00 0:41
Fabian Brunnstrom 0 0 0 0 4 0 2 0 1 0 0/0 8:47 0:00 0:00
François Beauchemin 0 0 0 -1 0 0 2 1 0 0 0/0 13:19 0:00 0:00
Jaromir Jagr 2 1 3 4 0 6 0 0 0 1 5/10 23:32 3:28 3:01
Jeremy Williams 0 0 0 -1 0 2 2 0 0 1 0/0 8:32 0:00 0:00
Jiri Hudler 0 0 0 -1 2 0 1 0 1 1 8/13 16:25 2:29 0:00
Joe Callahan 0 0 0 -1 0 1 3 2 1 2 0/0 12:19 0:00 0:00
Kris Vernarsky 0 0 0 0 0 1 0 1 0 0 3/5 8:36 0:00 0:00
Mark Streit 0 1 1 3 0 3 2 0 1 0 0/0 29:18 3:24 3:34
Matt Stajan 0 2 2 4 0 2 1 0 0 0 10/24 19:19 3:28 1:11
Peter Worrell 0 0 0 -1 0 0 0 0 1 1 1/3 19:22 3:28 3:02
Scott Niedermayer 0 1 1 -1 0 2 2 1 0 0 0/0 22:00 3:24 3:34
Zigmund Palffy 0 0 0 -1 4 2 1 1 0 0 2/2 16:44 2:29 0:00
3 Stars
1 - Jaromir Jagr (Van)
2 - Clarke MacArthur (Van)
3 - Matt Stajan (Van)
Power Play
Flames - 0 on 3 Attempt(s) - 0,00%
Canucks - 0 on 3 Attempt(s) - 0,00%
Penalty Kill
Flames - 3 on 3 Attempt(s) - 100,00%
- Score 0 goal in Penalty Kill
Canucks - 3 on 3 Attempt(s) - 100,00%
- Score 0 goal in Penalty Kill
Official
Referees : Rehman Kyle and Jackson Dave
Linesman : Derek Nansen and Steve Miller
Game Notes
Erik Johnson is injured at 19:03 of 1st period (Sprained Right Knee)
Finance
Level 1 -- Attendance: 4044 (67,40%) -- Ticket Income 400 356 $
Level 2 -- Attendance: 4677 (93,54%) -- Ticket Income 243 204 $
Level 3 -- Attendance: 1754 (87,70%) -- Ticket Income 52 620 $
Level 4 -- Attendance: 3727 (93,18%) -- Ticket Income 63 359 $
Luxury Box -- Attendance: 1000 (100,00%) -- Ticket Income 100 000 $
Game was played at the Budweiser Coliseum
Total Attendance: 15202 (84,46%)
Total Ticket Income: 859 539 $
Other Income: 128 931 $
Total Income: 988 470 $
Flames
5 vs 5 Forward
Center Left Wing Right Wing Time % Phy DF OF
1 Eric Staal Alexander Semin Milan Hejduk 40 1 2 2
2 Michal Handzus Petr Schastlivy David Backes 30 1 2 2
3 Josef Vasicek Mark Bell Jordin Tootoo 20 1 2 2
4 Marcel Goc Mike Leclerc Branko Radivojevic 10 1 2 2
5 vs 5 Defense
Defense Defense Time % Phy DF OF
1 Tomas Kaberle Steve Eminger 40 1 2 2
2 Derek Meech Erik Johnson 30 1 2 2
3 Ron Hainsey Niklas Kronwall 20 1 2 2
4 Derek Meech Steve Eminger 10 1 2 2
PowerPlay Forward
Center Left Wing Right Wing Time % Phy DF OF
1 Eric Staal Alexander Semin David Backes 60 1 1 3
2 Josef Vasicek Mark Bell Milan Hejduk 40 1 1 3
PowerPlay Defense
Defense Defense Time % Phy DF OF
1 Tomas Kaberle Erik Johnson 60 1 1 3
2 Derek Meech Niklas Kronwall 40 1 1 3
Penalty Kill 4 Players Forward
Center Wing Time % Phy DF OF
1 Michal Handzus Mike Leclerc 60 1 3 1
2 Eric Staal Petr Schastlivy 40 1 3 1
Penalty Kill 4 Players Defense
Defense Defense Time % Phy DF OF
1 Ron Hainsey Steve Eminger 60 1 3 1
2 Derek Meech Erik Johnson 40 1 3 1
Penalty Kill - 3 Players Forward
Forward Time % Phy DF OF
1 Michal Handzus 60 1 3 1
2 Eric Staal 40 1 3 1
Penalty Kill - 3 Players Defense
Defense Defense Time % Phy DF OF
1 Ron Hainsey Steve Eminger 60 1 4 0
2 Derek Meech Erik Johnson 40 1 4 0
4 vs 4 Forward
Center Wing Time % Phy DF OF
1 Eric Staal Alexander Semin 60 1 2 2
2 Michal Handzus Milan Hejduk 40 1 2 2
4 vs 4 Defense
Defense Defense Time % Phy DF OF
1 Tomas Kaberle Steve Eminger 60 1 2 2
2 Derek Meech Erik Johnson 40 1 2 2
Last Minutes Offensive
Center Left Wing Right Wing Defense Defense
Eric Staal Alexander Semin David Backes Tomas Kaberle Steve Eminger
Last Minutes Defensive
Center Left Wing Right Wing Defense Defense
Eric Staal Mike Leclerc David Backes Ron Hainsey Steve Eminger
Goaltenders
Starting : Pekka Rinne
Backup : Craig Anderson
Extra Forwards
Normal : Milan Hejduk, Mark Bell, Petr Schastlivy - PP : Milan Hejduk, Marcel Goc - PK : Jordin Tootoo
Extra Defensemen
Normal : Niklas Kronwall, Erik Johnson, Derek Meech - PP : Erik Johnson - PK : Derek Meech, Erik Johnson
Penalty Shots
Eric Staal, David Backes, Alexander Semin, Milan Hejduk, Marcel Goc
Canucks
5 vs 5 Forward
Center Left Wing Right Wing Time % Phy DF OF
1 Matt Stajan Clarke MacArthur Jaromir Jagr 40 1 2 2
2 Jiri Hudler Peter Worrell Zigmund Palffy 30 1 2 2
3 Kris Vernarsky Fabian Brunnstrom David Jones 20 1 2 2
4 Erik Christensen Daniel Paille Jeremy Williams 10 1 2 2
5 vs 5 Defense
Defense Defense Time % Phy DF OF
1 Mark Streit Brent Sopel 40 1 2 2
2 Scott Niedermayer François Beauchemin 30 1 2 2
3 Derian Hatcher Joe Callahan 20 1 2 2
4 Mark Streit Joe Callahan 10 1 2 2
PowerPlay Forward
Center Left Wing Right Wing Time % Phy DF OF
1 Matt Stajan Peter Worrell Jaromir Jagr 60 1 2 2
2 Jiri Hudler Clarke MacArthur Zigmund Palffy 40 1 2 2
PowerPlay Defense
Defense Defense Time % Phy DF OF
1 Mark Streit Scott Niedermayer 60 1 2 2
2 Brent Sopel Derian Hatcher 40 1 2 2
Penalty Kill 4 Players Forward
Center Wing Time % Phy DF OF
1 Jaromir Jagr Peter Worrell 60 1 2 2
2 Clarke MacArthur Matt Stajan 40 1 2 2
Penalty Kill 4 Players Defense
Defense Defense Time % Phy DF OF
1 Mark Streit Scott Niedermayer 60 1 2 2
2 Brent Sopel Derian Hatcher 40 1 2 2
Penalty Kill - 3 Players Forward
Forward Time % Phy DF OF
1 Jaromir Jagr 60 1 2 2
2 Peter Worrell 40 1 2 2
Penalty Kill - 3 Players Defense
Defense Defense Time % Phy DF OF
1 Mark Streit Scott Niedermayer 60 1 2 2
2 Brent Sopel Derian Hatcher 40 1 2 2
4 vs 4 Forward
Center Wing Time % Phy DF OF
1 Jaromir Jagr Clarke MacArthur 60 1 2 2
2 Jiri Hudler Matt Stajan 40 1 2 2
4 vs 4 Defense
Defense Defense Time % Phy DF OF
1 Mark Streit Scott Niedermayer 60 1 2 2
2 Brent Sopel Derian Hatcher 40 1 2 2
Last Minutes Offensive
Center Left Wing Right Wing Defense Defense
Matt Stajan Peter Worrell Jaromir Jagr Mark Streit Scott Niedermayer
Last Minutes Defensive
Center Left Wing Right Wing Defense Defense
Matt Stajan Peter Worrell Jaromir Jagr Mark Streit Scott Niedermayer
Goaltenders
Starting : José Theodore
Backup : Carey Price
Extra Forwards
Normal : Fabian Brunnstrom, Kris Vernarsky, David Jones - PP : Fabian Brunnstrom, Kris Vernarsky - PK : David Jones
Extra Defensemen
Normal : François Beauchemin, Joe Callahan, Brent Sopel - PP : François Beauchemin - PK : Joe Callahan, Brent Sopel
Penalty Shots
Jaromir Jagr, Peter Worrell, Clarke MacArthur, Matt Stajan, Zigmund Palffy
% Time on Ice - Flames
Lines # - Real PCT - Wanted PCT - Time Play
Normal Forward
1 - 36% - 40% - 16:20
2 - 28% - 30% - 12:45
3 - 19% - 20% - 8:42
4 - 16% - 10% - 7:02
Normal Defense
1 - 42% - 40% - 18:46
2 - 34% - 30% - 15:03
3 - 19% - 20% - 8:27
4 - 6% - 10% - 2:33
PP Forward
1 - 54% - 60% - 3:13
2 - 46% - 40% - 2:44
PP Defense
1 - 86% - 60% - 5:06
2 - 14% - 40% - 0:51
PK Forward
1 - 87% - 60% - 5:11
2 - 13% - 40% - 0:46
PK Defense
1 - 46% - 60% - 2:43
2 - 54% - 40% - 3:14
PK3 Forward
1 - 0% - 60%
2 - 0% - 40%
PK3 Defense
1 - 0% - 60%
2 - 0% - 40%
44 Forward
1 - 76% - 60% - 2:30
2 - 24% - 40% - 0:47
44 Defense
1 - 59% - 60% - 1:56
2 - 41% - 40% - 1:21
Last Minute Offensive - 0:00
Last Minute Defensive - 0:00
Total
Forward - 60:00
Defense - 60:00
|
% Time on Ice - Canucks
Lines # - Real PCT - Wanted PCT - Time Play
Normal Forward
1 - 34% - 40% - 15:13
2 - 29% - 30% - 13:03
3 - 18% - 20% - 8:01
4 - 19% - 10% - 8:32
Normal Defense
1 - 38% - 40% - 17:13
2 - 34% - 30% - 15:17
3 - 20% - 20% - 8:47
4 - 8% - 10% - 3:32
PP Forward
1 - 58% - 60% - 3:28
2 - 42% - 40% - 2:29
PP Defense
1 - 57% - 60% - 3:24
2 - 43% - 40% - 2:33
PK Forward
1 - 80% - 60% - 4:46
2 - 20% - 40% - 1:11
PK Defense
1 - 60% - 60% - 3:34
2 - 40% - 40% - 2:23
PK3 Forward
1 - 0% - 60%
2 - 0% - 40%
PK3 Defense
1 - 0% - 60%
2 - 0% - 40%
44 Forward
1 - 75% - 60% - 2:28
2 - 25% - 40% - 0:49
44 Defense
1 - 54% - 60% - 1:46
2 - 46% - 40% - 1:31
Last Minute Offensive - 0:00
Last Minute Defensive - 0:00
Total
Forward - 60:00
Defense - 60:00
|
Play by Play
1st period
0:01 of 1st period - Eric Staal wins face-off versus Matt Stajan in neutral zone.
0:34 of 1st period - Snap shot by Michal Handzus.
0:34 of 1st period - Shot Misses the Net.
0:56 of 1st period - Wrist shot by Scott Niedermayer.
0:56 of 1st period - Stopped by Pekka Rinne with a rebound.
1:14 of 1st period - Snap shot by Branko Radivojevic.
1:14 of 1st period - Shot Misses the Net.
1:32 of 1st period - Wrist shot by Marcel Goc.
1:32 of 1st period - Stopped by José Theodore with a rebound.
1:34 of 1st period - Wrist shot by Erik Johnson.
1:34 of 1st period - Shot Misses the Net.
1:36 of 1st period - Wrist shot by Michal Handzus.
1:36 of 1st period - Deflect By David Backes.
1:36 of 1st period - Shot Misses the Net.
1:36 of 1st period - Puck is out of play.
1:37 of 1st period - Jiri Hudler wins face-off versus Michal Handzus in Canucks zone.
1:45 of 1st period - Minor Penalty to Jiri Hudler for Tripping.
1:46 of 1st period - Eric Staal wins face-off versus Jaromir Jagr in Canucks zone.
3:45 of 1st period - Penalty to Jiri Hudler is over, Jiri Hudler is back on ice.
3:59 of 1st period - Off-side.
4:00 of 1st period - Marcel Goc wins face-off versus Erik Christensen in neutral zone.
4:27 of 1st period - Wrist shot by David Backes.
4:27 of 1st period - Stopped by José Theodore with a rebound.
4:29 of 1st period - Snap shot by David Backes.
4:29 of 1st period - Stopped by José Theodore with a rebound.
4:45 of 1st period - Brent Sopel is hit by Milan Hejduk and loses puck.
4:54 of 1st period - Snap shot by Jiri Hudler.
4:54 of 1st period - Shot Misses the Net.
5:06 of 1st period - Slapshot by Clarke MacArthur.
5:06 of 1st period - Stopped by Pekka Rinne without a rebound.
5:07 of 1st period - Matt Stajan wins face-off versus Josef Vasicek in Flames zone.
5:12 of 1st period - Slapshot by Clarke MacArthur.
5:12 of 1st period - Goal by Clarke MacArthur - Flames : 0 - Canucks : 1.
5:13 of 1st period - Matt Stajan wins face-off versus Eric Staal in neutral zone.
5:16 of 1st period - Slapshot by Mark Streit.
5:16 of 1st period - Stopped by Pekka Rinne without a rebound.
5:17 of 1st period - Matt Stajan wins face-off versus Eric Staal in Flames zone.
6:15 of 1st period - Icing by Clarke MacArthur.
6:16 of 1st period - Eric Staal wins face-off versus Matt Stajan in Canucks zone.
7:34 of 1st period - Slapshot by Scott Niedermayer.
7:34 of 1st period - Stopped by Pekka Rinne with a rebound.
7:41 of 1st period - Icing by Derek Meech.
7:42 of 1st period - Branko Radivojevic wins face-off versus Jiri Hudler in Flames zone.
8:50 of 1st period - Snap shot by Josef Vasicek.
8:50 of 1st period - Deflect By Mark Bell.
8:50 of 1st period - Shot Blocked by Scott Niedermayer.
8:50 of 1st period - Puck is out of play.
8:51 of 1st period - Jiri Hudler wins face-off versus Josef Vasicek in Canucks zone.
9:16 of 1st period - Snap shot by Clarke MacArthur.
9:16 of 1st period - Goal by Clarke MacArthur - Flames : 0 - Canucks : 2.
9:17 of 1st period - Clarke MacArthur wins face-off versus Eric Staal in neutral zone.
9:24 of 1st period - Wrist shot by Clarke MacArthur.
9:24 of 1st period - Deflect By Eric Staal.
9:24 of 1st period - Shot Misses the Net.
9:24 of 1st period - Puck is out of play.
9:25 of 1st period - Eric Staal wins face-off versus Matt Stajan in Flames zone.
9:41 of 1st period - Snap shot by Alexander Semin.
9:41 of 1st period - Stopped by José Theodore with a rebound.
9:43 of 1st period - Slapshot by Eric Staal.
9:43 of 1st period - Shot Misses the Net.
9:45 of 1st period - Wrist shot by Milan Hejduk.
9:45 of 1st period - Shot Misses the Net.
9:47 of 1st period - Slapshot by Derek Meech.
9:47 of 1st period - Stopped by José Theodore with a rebound.
9:49 of 1st period - Snap shot by Alexander Semin.
9:49 of 1st period - Shot Hit the Post.
9:51 of 1st period - Wrist shot by Steve Eminger.
9:51 of 1st period - Deflect By Milan Hejduk.
9:51 of 1st period - Stopped by José Theodore without a rebound.
9:52 of 1st period - Jiri Hudler wins face-off versus Michal Handzus in Canucks zone.
10:02 of 1st period - Off-side.
10:03 of 1st period - Eric Staal wins face-off versus Jiri Hudler in neutral zone.
10:07 of 1st period - Icing by Milan Hejduk.
10:08 of 1st period - Zigmund Palffy wins face-off versus Eric Staal in Flames zone.
10:13 of 1st period - Snap shot by Jiri Hudler.
10:13 of 1st period - Shot Misses the Net.
10:37 of 1st period - Mark Bell is hit by Joe Callahan and loses puck.
10:46 of 1st period - Wrist shot by Mark Bell.
10:46 of 1st period - Stopped by José Theodore with a rebound.
10:52 of 1st period - Wrist shot by Peter Worrell.
10:52 of 1st period - Shot Misses the Net.
10:54 of 1st period - Wrist shot by Zigmund Palffy.
10:54 of 1st period - Deflect By Michal Handzus.
10:54 of 1st period - Shot Misses the Net.
10:54 of 1st period - Puck is out of play.
10:55 of 1st period - Michal Handzus wins face-off versus Matt Stajan in Flames zone.
11:01 of 1st period - Minor Penalty to Michal Handzus for Holding Stick.
11:02 of 1st period - Matt Stajan wins face-off versus Jordin Tootoo in Flames zone.
11:05 of 1st period - Wrist shot by Matt Stajan.
11:05 of 1st period - Stopped by Pekka Rinne without a rebound.
11:06 of 1st period - Jordin Tootoo wins face-off versus Matt Stajan in Flames zone.
11:21 of 1st period - Snap shot by Matt Stajan.
11:21 of 1st period - Deflect By Jaromir Jagr.
11:21 of 1st period - Shot Blocked by Ron Hainsey.
11:21 of 1st period - Puck is out of play.
11:22 of 1st period - Mike Leclerc wins face-off versus Matt Stajan in Flames zone.
13:01 of 1st period - Penalty to Michal Handzus is over, Michal Handzus is back on ice.
13:12 of 1st period - Petr Schastlivy is hit by Fabian Brunnstrom.
13:52 of 1st period - Ron Hainsey is hit by Joe Callahan and loses puck.
14:07 of 1st period - Petr Schastlivy is hit by Zigmund Palffy and loses puck.
14:18 of 1st period - Clarke MacArthur is hit by Eric Staal and loses puck.
14:31 of 1st period - Mark Streit is hit by Jordin Tootoo and loses puck.
14:40 of 1st period - Mark Bell is hit by Jeremy Williams and loses puck.
16:10 of 1st period - Wrist shot by Josef Vasicek.
16:10 of 1st period - Shot Misses the Net.
17:37 of 1st period - Slapshot by Kris Vernarsky.
17:37 of 1st period - Stopped by Pekka Rinne with a rebound.
17:51 of 1st period - Jiri Hudler is hit by Branko Radivojevic and loses puck.
18:09 of 1st period - Alexander Semin is hit by Derian Hatcher and loses puck.
18:23 of 1st period - Icing by Erik Christensen.
18:24 of 1st period - Michal Handzus wins face-off versus Erik Christensen in Canucks zone.
19:02 of 1st period - Erik Johnson is hit by Scott Niedermayer and loses puck.
19:03 of 1st period - Erik Johnson from Flames is injured at 19:03 of 1st period (Sprained Right Knee).
19:04 of 1st period - Eric Staal wins face-off versus Matt Stajan in Flames zone.
19:15 of 1st period - Slapshot by Clarke MacArthur.
19:15 of 1st period - Shot Blocked by Alexander Semin.
19:34 of 1st period - Snap shot by Michal Handzus.
19:34 of 1st period - Stopped by José Theodore without a rebound.
19:35 of 1st period - Peter Worrell wins face-off versus Eric Staal in Canucks zone.
19:35 of 1st period - Peter Worrell is hit by Eric Staal.
19:38 of 1st period - Scott Niedermayer is hit by Eric Staal and loses puck.
19:43 of 1st period - Niklas Kronwall is hit by François Beauchemin and loses puck.
2nd period
0:01 of 2nd period - Matt Stajan wins face-off versus Eric Staal in neutral zone.
0:08 of 2nd period - Wrist shot by Matt Stajan.
0:08 of 2nd period - Shot Misses the Net.
0:10 of 2nd period - Snap shot by Mark Streit.
0:10 of 2nd period - Stopped by Pekka Rinne with a rebound.
0:16 of 2nd period - Snap shot by Clarke MacArthur.
0:16 of 2nd period - Stopped by Pekka Rinne with a rebound.
0:53 of 2nd period - Snap shot by Jeremy Williams.
0:53 of 2nd period - Stopped by Pekka Rinne with a rebound.
1:24 of 2nd period - Mike Leclerc is hit by François Beauchemin and loses puck.
2:04 of 2nd period - Wrist shot by David Backes.
2:04 of 2nd period - Deflect By Michal Handzus.
2:04 of 2nd period - Stopped by José Theodore with a rebound.
2:06 of 2nd period - Wrist shot by Michal Handzus.
2:06 of 2nd period - Stopped by José Theodore with a rebound.
2:08 of 2nd period - Slapshot by Derek Meech.
2:08 of 2nd period - Shot Blocked by Zigmund Palffy.
2:18 of 2nd period - Snap shot by Erik Christensen.
2:18 of 2nd period - Stopped by Pekka Rinne without a rebound.
2:19 of 2nd period - Erik Christensen wins face-off versus Josef Vasicek in Flames zone.
2:32 of 2nd period - Snap shot by Erik Christensen.
2:32 of 2nd period - Shot Misses the Net.
3:06 of 2nd period - Icing by Zigmund Palffy.
3:07 of 2nd period - Michal Handzus wins face-off versus Kris Vernarsky in Canucks zone.
3:10 of 2nd period - Wrist shot by David Backes.
3:10 of 2nd period - Stopped by José Theodore with a rebound.
3:12 of 2nd period - Snap shot by Michal Handzus.
3:12 of 2nd period - Shot Misses the Net.
3:14 of 2nd period - Slapshot by Ron Hainsey.
3:14 of 2nd period - Stopped by José Theodore with a rebound.
3:16 of 2nd period - Snap shot by Michal Handzus.
3:16 of 2nd period - Shot Blocked by Joe Callahan.
4:05 of 2nd period - Snap shot by Peter Worrell.
4:05 of 2nd period - Shot Misses the Net.
4:27 of 2nd period - Milan Hejduk is hit by Jeremy Williams and loses puck.
4:45 of 2nd period - Petr Schastlivy is hit by Fabian Brunnstrom and loses puck.
5:27 of 2nd period - Mark Streit is hit by Marcel Goc and loses puck.
6:21 of 2nd period - Wrist shot by Jaromir Jagr.
6:21 of 2nd period - Shot Misses the Net.
6:23 of 2nd period - Snap shot by Jaromir Jagr.
6:23 of 2nd period - Shot Blocked by Ron Hainsey.
6:25 of 2nd period - Snap shot by Clarke MacArthur.
6:25 of 2nd period - Stopped by Pekka Rinne without a rebound.
6:26 of 2nd period - Matt Stajan wins face-off versus Michal Handzus in Flames zone.
6:59 of 2nd period - Snap shot by Clarke MacArthur.
6:59 of 2nd period - Stopped by Pekka Rinne with a rebound.
7:01 of 2nd period - Wrist shot by Joe Callahan.
7:01 of 2nd period - Stopped by Pekka Rinne with a rebound.
7:05 of 2nd period - Snap shot by Jaromir Jagr.
7:05 of 2nd period - Stopped by Pekka Rinne without a rebound.
7:06 of 2nd period - Kris Vernarsky wins face-off versus Eric Staal in Flames zone.
7:07 of 2nd period - Snap shot by David Jones.
7:07 of 2nd period - Shot Blocked by Steve Eminger.
8:01 of 2nd period - Icing by Scott Niedermayer.
8:02 of 2nd period - Jiri Hudler wins face-off versus Eric Staal in Canucks zone.
8:02 of 2nd period - Jiri Hudler is hit by Eric Staal.
8:12 of 2nd period - Wrist shot by Zigmund Palffy.
8:12 of 2nd period - Deflect By Jiri Hudler.
8:12 of 2nd period - Shot Misses the Net.
8:12 of 2nd period - Puck is out of play.
8:13 of 2nd period - Eric Staal wins face-off versus Matt Stajan in Flames zone.
8:13 of 2nd period - Eric Staal is hit by Clarke MacArthur.
8:21 of 2nd period - Snap shot by Milan Hejduk.
8:21 of 2nd period - Stopped by José Theodore with a rebound.
8:23 of 2nd period - Wrist shot by Milan Hejduk.
8:23 of 2nd period - Stopped by José Theodore with a rebound.
8:25 of 2nd period - Snap shot by Ron Hainsey.
8:25 of 2nd period - Stopped by José Theodore without a rebound.
8:26 of 2nd period - Eric Staal wins face-off versus Matt Stajan in Canucks zone.
8:35 of 2nd period - Wrist shot by Jaromir Jagr.
8:35 of 2nd period - Deflect By Alexander Semin.
8:35 of 2nd period - Goal by Jaromir Jagr - Flames : 0 - Canucks : 3.
8:36 of 2nd period - Eric Staal wins face-off versus Matt Stajan in neutral zone.
8:44 of 2nd period - Snap shot by Milan Hejduk.
8:44 of 2nd period - Shot Misses the Net.
9:15 of 2nd period - Slapshot by Jaromir Jagr.
9:15 of 2nd period - Shot Misses the Net.
9:20 of 2nd period - Off-side.
9:21 of 2nd period - Jiri Hudler wins face-off versus Michal Handzus in neutral zone.
9:53 of 2nd period - Wrist shot by Eric Staal.
9:53 of 2nd period - Shot Misses the Net.
9:58 of 2nd period - Minor Penalty to Niklas Kronwall for Hooking.
9:59 of 2nd period - Michal Handzus wins face-off versus Jaromir Jagr in Flames zone.
11:17 of 2nd period - Scott Niedermayer is hit by Petr Schastlivy and loses puck.
11:58 of 2nd period - Penalty to Niklas Kronwall is over, Niklas Kronwall is back on ice.
12:00 of 2nd period - Niklas Kronwall is hit by Clarke MacArthur and loses puck.
12:13 of 2nd period - Wrist shot by Jordin Tootoo.
12:13 of 2nd period - Shot Misses the Net.
12:15 of 2nd period - Wrist shot by Mark Bell.
12:15 of 2nd period - Shot Blocked by Kris Vernarsky.
12:17 of 2nd period - Slapshot by Ron Hainsey.
12:17 of 2nd period - Deflect By Mark Bell.
12:17 of 2nd period - Stopped by José Theodore without a rebound.
12:18 of 2nd period - Josef Vasicek wins face-off versus Kris Vernarsky in Canucks zone.
12:45 of 2nd period - Joe Callahan is hit by Eric Staal and loses puck.
13:00 of 2nd period - Snap shot by Mike Leclerc.
13:00 of 2nd period - Shot Misses the Net.
13:06 of 2nd period - Niklas Kronwall is hit by Joe Callahan and loses puck.
13:17 of 2nd period - Snap shot by Erik Christensen.
13:17 of 2nd period - Shot Blocked by Branko Radivojevic.
13:19 of 2nd period - Slapshot by Daniel Paille.
13:19 of 2nd period - Shot Misses the Net.
13:21 of 2nd period - Wrist shot by Jeremy Williams.
13:21 of 2nd period - Shot Misses the Net.
13:27 of 2nd period - Slapshot by Derian Hatcher.
13:27 of 2nd period - Shot Misses the Net.
13:29 of 2nd period - Snap shot by Daniel Paille.
13:29 of 2nd period - Shot Blocked by Mike Leclerc.
13:33 of 2nd period - Snap shot by Jeremy Williams.
13:33 of 2nd period - Stopped by Pekka Rinne with a rebound.
13:35 of 2nd period - Slapshot by Derian Hatcher.
13:35 of 2nd period - Stopped by Pekka Rinne without a rebound.
13:36 of 2nd period - Matt Stajan wins face-off versus Eric Staal in Flames zone.
13:45 of 2nd period - Snap shot by Clarke MacArthur.
13:45 of 2nd period - Deflect By Milan Hejduk.
13:45 of 2nd period - Stopped by Pekka Rinne without a rebound.
13:46 of 2nd period - Milan Hejduk wins face-off versus Matt Stajan in Flames zone.
14:12 of 2nd period - Off-side.
14:13 of 2nd period - Jiri Hudler wins face-off versus Michal Handzus in neutral zone.
14:22 of 2nd period - Wrist shot by Michal Handzus.
14:22 of 2nd period - Stopped by José Theodore without a rebound.
14:23 of 2nd period - Zigmund Palffy wins face-off versus Michal Handzus in Canucks zone.
14:35 of 2nd period - Off-side.
14:36 of 2nd period - Eric Staal wins face-off versus Matt Stajan in neutral zone.
14:45 of 2nd period - Snap shot by Clarke MacArthur.
14:45 of 2nd period - Stopped by Pekka Rinne without a rebound.
14:46 of 2nd period - Eric Staal wins face-off versus Matt Stajan in Flames zone.
15:51 of 2nd period - Backhand shot by Jaromir Jagr.
15:51 of 2nd period - Stopped by Pekka Rinne with a rebound.
15:53 of 2nd period - Snap shot by Mark Streit.
15:53 of 2nd period - Stopped by Pekka Rinne with a rebound.
15:55 of 2nd period - Slapshot by Brent Sopel.
15:55 of 2nd period - Stopped by Pekka Rinne with a rebound.
15:57 of 2nd period - Slapshot by Mark Streit.
15:57 of 2nd period - Shot Blocked by Steve Eminger.
15:59 of 2nd period - Snap shot by Matt Stajan.
15:59 of 2nd period - Shot Misses the Net.
16:01 of 2nd period - Snap shot by Jaromir Jagr.
16:01 of 2nd period - Goal by Jaromir Jagr - Flames : 0 - Canucks : 4.
16:02 of 2nd period - Michal Handzus wins face-off versus Jiri Hudler in neutral zone.
16:58 of 2nd period - Daniel Paille is hit by Derek Meech and loses puck.
17:14 of 2nd period - Brent Sopel is hit by David Backes and loses puck.
17:25 of 2nd period - Kris Vernarsky is hit by Mark Bell and loses puck.
17:49 of 2nd period - Minor Penalty to Zigmund Palffy for Interference.
17:50 of 2nd period - Eric Staal wins face-off versus Jaromir Jagr in Canucks zone.
17:53 of 2nd period - Snap shot by Eric Staal.
17:53 of 2nd period - Stopped by José Theodore without a rebound.
17:54 of 2nd period - David Backes wins face-off versus Jaromir Jagr in Canucks zone.
17:57 of 2nd period - Snap shot by Alexander Semin.
17:57 of 2nd period - Deflect By Mark Streit.
17:57 of 2nd period - Shot Misses the Net.
17:57 of 2nd period - Puck is out of play.
17:58 of 2nd period - Jaromir Jagr wins face-off versus Eric Staal in Canucks zone.
18:07 of 2nd period - Snap shot by Alexander Semin.
18:07 of 2nd period - Stopped by José Theodore without a rebound.
18:08 of 2nd period - Jaromir Jagr wins face-off versus Eric Staal in Canucks zone.
18:59 of 2nd period - Wrist shot by Clarke MacArthur.
18:59 of 2nd period - Stopped by Pekka Rinne with a rebound.
19:49 of 2nd period - Penalty to Zigmund Palffy is over, Zigmund Palffy is back on ice.
19:57 of 2nd period - Snap shot by David Jones.
19:57 of 2nd period - Stopped by Pekka Rinne without a rebound.
19:58 of 2nd period - Kris Vernarsky wins face-off versus Marcel Goc in Flames zone.
3rd period
0:01 of 3rd period - Matt Stajan wins face-off versus Eric Staal in neutral zone.
1:32 of 3rd period - Wrist shot by Jaromir Jagr.
1:32 of 3rd period - Stopped by Pekka Rinne without a rebound.
1:33 of 3rd period - Michal Handzus wins face-off versus Jiri Hudler in Flames zone.
1:55 of 3rd period - Icing by Jiri Hudler.
1:56 of 3rd period - Josef Vasicek wins face-off versus Peter Worrell in Canucks zone.
2:01 of 3rd period - Snap shot by Mark Bell.
2:01 of 3rd period - Goal by Mark Bell - Flames : 1 - Canucks : 4.
2:02 of 3rd period - Jiri Hudler wins face-off versus Michal Handzus in neutral zone.
3:15 of 3rd period - Slapshot by Scott Niedermayer.
3:15 of 3rd period - Shot Blocked by Ron Hainsey.
3:31 of 3rd period - Slapshot by Michal Handzus.
3:31 of 3rd period - Stopped by José Theodore with a rebound.
3:33 of 3rd period - Snap shot by Steve Eminger.
3:33 of 3rd period - Shot Misses the Net.
3:35 of 3rd period - Slapshot by Tomas Kaberle.
3:35 of 3rd period - Deflect By Petr Schastlivy.
3:35 of 3rd period - Shot Misses the Net.
3:35 of 3rd period - Puck is out of play.
3:36 of 3rd period - Michal Handzus wins face-off versus Erik Christensen in Canucks zone.
3:51 of 3rd period - Wrist shot by David Backes.
3:51 of 3rd period - Shot Misses the Net.
3:53 of 3rd period - Snap shot by David Backes.
3:53 of 3rd period - Shot Misses the Net.
3:55 of 3rd period - Slapshot by Tomas Kaberle.
3:55 of 3rd period - Shot Misses the Net.
4:05 of 3rd period - Snap shot by David Backes.
4:05 of 3rd period - Stopped by José Theodore with a rebound.
4:07 of 3rd period - Snap shot by Michal Handzus.
4:07 of 3rd period - Shot Misses the Net.
4:09 of 3rd period - Slapshot by Petr Schastlivy.
4:09 of 3rd period - Shot Blocked by Joe Callahan.
4:11 of 3rd period - Slapshot by Derek Meech.
4:11 of 3rd period - Deflect By Petr Schastlivy.
4:11 of 3rd period - Goal by Petr Schastlivy - Flames : 2 - Canucks : 4.
4:12 of 3rd period - Eric Staal wins face-off versus Matt Stajan in neutral zone.
4:31 of 3rd period - Tomas Kaberle is hit by Mark Streit and loses puck.
4:45 of 3rd period - Off-side.
4:46 of 3rd period - Jiri Hudler wins face-off versus Michal Handzus in neutral zone.
5:02 of 3rd period - François Beauchemin is hit by Derek Meech and loses puck.
5:07 of 3rd period - Snap shot by Zigmund Palffy.
5:07 of 3rd period - Stopped by Pekka Rinne without a rebound.
5:08 of 3rd period - Matt Stajan wins face-off versus Eric Staal in Flames zone.
5:15 of 3rd period - Snap shot by Clarke MacArthur.
5:15 of 3rd period - Shot Misses the Net.
5:17 of 3rd period - Slapshot by Mark Streit.
5:17 of 3rd period - Shot Misses the Net.
5:35 of 3rd period - David Backes is hit by David Jones and loses puck.
5:52 of 3rd period - Ron Hainsey is hit by Scott Niedermayer and loses puck.
6:13 of 3rd period - Slapshot by Ron Hainsey.
6:13 of 3rd period - Shot Misses the Net.
6:39 of 3rd period - Slapshot by Eric Staal.
6:39 of 3rd period - Stopped by José Theodore with a rebound.
7:11 of 3rd period - Icing by Derek Meech.
7:12 of 3rd period - Michal Handzus wins face-off versus Jiri Hudler in Flames zone.
8:31 of 3rd period - Minor Penalty to Zigmund Palffy for Roughing.
8:31 of 3rd period - Minor Penalty to Branko Radivojevic for Roughing.
8:32 of 3rd period - Jaromir Jagr wins face-off versus Eric Staal in Flames zone.
8:33 of 3rd period - Wrist shot by Clarke MacArthur.
8:33 of 3rd period - Shot Misses the Net.
8:35 of 3rd period - Wrist shot by Jaromir Jagr.
8:35 of 3rd period - Shot Misses the Net.
8:37 of 3rd period - Snap shot by Jaromir Jagr.
8:37 of 3rd period - Stopped by Pekka Rinne without a rebound.
8:38 of 3rd period - Jaromir Jagr wins face-off versus Eric Staal in Flames zone.
8:39 of 3rd period - Snap shot by Clarke MacArthur.
8:39 of 3rd period - Shot Blocked by Alexander Semin.
10:24 of 3rd period - Jiri Hudler is hit by Steve Eminger and loses puck.
10:31 of 3rd period - Penalty to Zigmund Palffy is over, Zigmund Palffy is back on ice.
10:31 of 3rd period - Penalty to Branko Radivojevic is over, Branko Radivojevic is back on ice.
10:45 of 3rd period - Clarke MacArthur is hit by Branko Radivojevic.
10:49 of 3rd period - Derian Hatcher is hit by Branko Radivojevic and loses puck.
11:02 of 3rd period - Snap shot by Branko Radivojevic.
11:02 of 3rd period - Stopped by José Theodore with a rebound.
11:04 of 3rd period - Wrist shot by Alexander Semin.
11:04 of 3rd period - Shot Misses the Net.
11:33 of 3rd period - Wrist shot by Branko Radivojevic.
11:33 of 3rd period - Shot Misses the Net.
11:35 of 3rd period - Snap shot by Branko Radivojevic.
11:35 of 3rd period - Stopped by José Theodore with a rebound.
11:37 of 3rd period - Wrist shot by Alexander Semin.
11:37 of 3rd period - Shot Misses the Net.
11:41 of 3rd period - Snap shot by Alexander Semin.
11:41 of 3rd period - Stopped by José Theodore without a rebound.
11:42 of 3rd period - Kris Vernarsky wins face-off versus Michal Handzus in Canucks zone.
12:14 of 3rd period - Snap shot by David Backes.
12:14 of 3rd period - Stopped by José Theodore without a rebound.
12:15 of 3rd period - Josef Vasicek wins face-off versus Erik Christensen in Canucks zone.
12:20 of 3rd period - Snap shot by Jordin Tootoo.
12:20 of 3rd period - Shot Blocked by François Beauchemin.
12:22 of 3rd period - Slapshot by Niklas Kronwall.
12:22 of 3rd period - Stopped by José Theodore without a rebound.
12:23 of 3rd period - Erik Christensen wins face-off versus Josef Vasicek in Canucks zone.
13:16 of 3rd period - Wrist shot by Zigmund Palffy.
13:16 of 3rd period - Stopped by Pekka Rinne with a rebound.
14:04 of 3rd period - Backhand shot by Petr Schastlivy.
14:04 of 3rd period - Stopped by José Theodore with a rebound.
14:06 of 3rd period - Snap shot by David Backes.
14:06 of 3rd period - Stopped by José Theodore with a rebound.
14:08 of 3rd period - Wrist shot by Michal Handzus.
14:08 of 3rd period - Stopped by José Theodore with a rebound.
14:19 of 3rd period - Minor Penalty to Mike Leclerc for Hooking.
14:20 of 3rd period - Michal Handzus wins face-off versus Peter Worrell in Flames zone.
14:20 of 3rd period - Michal Handzus is hit by Matt Stajan.
14:27 of 3rd period - Icing by Jaromir Jagr.
14:28 of 3rd period - Matt Stajan wins face-off versus Michal Handzus in Canucks zone.
14:39 of 3rd period - Wrist shot by Peter Worrell.
14:39 of 3rd period - Deflect By Matt Stajan.
14:39 of 3rd period - Stopped by Pekka Rinne with a rebound.
14:41 of 3rd period - Slapshot by Derian Hatcher.
14:41 of 3rd period - Stopped by Pekka Rinne with a rebound.
15:01 of 3rd period - Backhand shot by Jiri Hudler.
15:01 of 3rd period - Shot Misses the Net.
16:19 of 3rd period - Penalty to Mike Leclerc is over, Mike Leclerc is back on ice.
16:24 of 3rd period - Minor Penalty to Fabian Brunnstrom for Interference.
16:25 of 3rd period - Jaromir Jagr wins face-off versus Josef Vasicek in Canucks zone.
16:42 of 3rd period - Scott Niedermayer is hit by David Backes and loses puck.
18:24 of 3rd period - Penalty to Fabian Brunnstrom is over, Fabian Brunnstrom is back on ice.
18:41 of 3rd period - Minor Penalty to Fabian Brunnstrom for Hooking.
18:41 of 3rd period - Minor Penalty to Michal Handzus for Tripping.
18:42 of 3rd period - Eric Staal wins face-off versus Jaromir Jagr in Canucks zone.
18:51 of 3rd period - Tomas Kaberle is hit by Mark Streit and loses puck.
19:30 of 3rd period - Wrist shot by Matt Stajan.
19:30 of 3rd period - Shot Blocked by Tomas Kaberle.
19:38 of 3rd period - Tomas Kaberle is hit by Jiri Hudler and loses puck.
Output by the SimonT Hockey Simulator (STHS) for François Prévost -- Original Page W3C XHTML 1.0 Valid